 Dungeon Crawl Stone Soup version 0.29.1-13-g9f3cf754e1 (webtiles) character file.

Game seed: 16090881792107058486

1111 Hrothgar the Firebug (level 8, -3/54 HPs)
             Began as a Hill Orc Fire Elementalist on Feb 8, 2023.
             Was an Initiate of Gozag.
             Slain by Thatpatchoflichen's ghost (21 damage)
             ... on level 7 of the Dungeon.
             The game lasted 00:34:15 (6445 turns).

Hrothgar the Firebug (Hill Orc Fire Elementalist)   Turns: 6445, Time: 00:34:16

Health: -3/54      AC:  5    Str: 10    XL:     8   Next: 33%
Magic:  1/14       EV: 10    Int: 29    God:    Gozag
Gold:   262        SH:  0    Dex: 10    Spells: 1/13 levels left

rFire   + . .      SeeInvis .   s - +7 trident of Generosity {vorpal, Int+3}
rCold   . . .      Faith    .   (no shield)
rNeg    . . .      Spirit   .   i - +0 ring mail of the Snake Pit {*Slow rPois Regen+ Int+5}
rPois   +          Reflect  .   (no helmet)
rElec   .          Harm     .   (no cloak)
rCorr   .          Rampage  .   (no gloves)
Will    .....                   (no boots)
Stlth   +.........              (no amulet)
HPRegen 0.98/turn               b - ring of protection from fire
MPRegen 0.14/turn               (no ring)

@: no status effects
A: claws 1, clever 1, frail 1, high MP 1
a: Renounce Religion, Potion Petition, Call Merchant, Bribe Branch


You were on level 7 of the Dungeon.
You worshipped Gozag.
Gozag was aware of your devotion.
You visited 1 branch of the dungeon, and saw 7 of its levels.

You collected 1098 gold pieces.
You spent 408 gold pieces at shops.
You paid 428 gold pieces to Gozag.

Inventory:

Hand Weapons
 h - a +0 vorpal war axe
 s - the +7 trident of Generosity (weapon) {vorpal, Int+3}
   (You took it off an orc on level 6 of the Dungeon)

   It inflicts extra damage upon your enemies.
   Int:       It affects your intelligence (+3).
Missiles
 f - 7 poisoned darts (quivered)
 j - 4 silver javelins
 k - 6 javelins
Armour
 a - a +1 robe
 i - the +0 ring mail of the Snake Pit (worn) {*Slow rPois Regen+ Int+5}
   (You found it on level 2 of the Dungeon)

   Int:       It affects your intelligence (+5).
   rPois:     It protects you from poison.
   Regen:     It increases your rate of health regeneration.
   *Slow:     It may slow you when you take damage.
Jewellery
 b - a ring of protection from fire (left claw)
Wands
 c - a wand of iceblast (2)
Scrolls
 n - a scroll of torment
 o - 2 scrolls of identify
 p - a scroll of poison
 q - a scroll of magic mapping
 r - 2 scrolls of butterflies
Potions
 e - 4 potions of curing
 g - 3 potions of ambrosia
 l - 2 potions of cancellation


   Skills:
 * Level 2.1 Fighting
 * Level 2.4 Axes
 * Level 0.3(1.2) Polearms
 * Level 2.0 Throwing
 * Level 1.9 Armour
 * Level 2.4 Dodging
 * Level 2.4 Stealth
 * Level 3.3 Spellcasting
 * Level 2.7 Conjurations
 * Level 1.8 Hexes
 * Level 0.3 Summonings
 * Level 0.7 Translocations
 * Level 1.1 Transmutations
 * Level 5.6 Fire Magic
 * Level 1.6 Poison Magic
 * Level 1.5 Evocations


You had one spell level left.
You knew the following spells:

 Your Spells              Type           Power      Damage    Failure   Level
a - Foxfire               Conj/Fire      100%       2x1d9     3%          1
b - Scorch                Fire           74%        2d9       2%          2
c - Inner Flame           Hex/Fire       26%        N/A       12%         3
d - Ignite Poison         Fire/Tmut/Pois 21%        N/A       19%         3
e - Blink                 Tloc           18%        N/A       21%         2
f - Summon Small Mammal   Summ           24%        N/A       16%         1

Your spell library contained the following spells:

 Spells                   Type           Power      Damage    Failure   Level
 Shock                    Conj/Air       48%        1d6       11%         1
 Conjure Flame            Conj/Fire      29%        6-21      10%         3
 Flame Wave               Conj/Fire      29%        2d9       32%         4
 Sticky Flame             Conj/Fire      29%        2d5       32%         4
 Summon Guardian Golem    Hex/Summ       11%        N/A       34%         3
 Lesser Beckoning         Tloc           9%         N/A       38%         3
 Call Canine Familiar     Summ           6%         N/A       43%         3
 Swiftness                Air            4%         N/A       50%         3
 Fireball                 Conj/Fire      14%        3d8       67%         5
 Iskenderun's Battlesphe  Conj           20%        2d7       86%         5
 Airstrike                Air            2%         2d(1-17)  88%         4
 Manifold Assault         Tloc           9%         N/A       98%         5
 Conjure Ball Lightning   Conj/Air       6%         3x3d6     100%        6
 Orb of Destruction       Conj           10%        9d6       100%        7


Dungeon Overview and Level Annotations

Branches:
Dungeon (7/15)             Temple (0/1) D:6

Altars:
Ashenzari
Elyvilon
Gozag
Makhleb
Nemelex Xobeh
Okawaru
Qazlal
Ru

Shops:
D:5 ?

Annotations:
D:1 1 transporter
D:7 Pikel; Thatpatchoflichen's ghost, novice OgMo


Innate Abilities, Weirdness & Mutations

You have sharp fingernails.
Your mind is acute. (Int +4, Str/Dex -1)
You are frail. (-10% HP)
You have an increased reservoir of magic. (+10% MP)


Message History

Thatpatchoflichen's ghost is burned terribly!
Thatpatchoflichen's ghost is moderately damaged.
Casting: Scorch (safe; 2% risk of failure)
Confirm with . or Enter, or press ? or * to list all spells.
Flames lash Thatpatchoflichen's ghost but do no damage.
Casting: Scorch (safe; 2% risk of failure)
Confirm with . or Enter, or press ? or * to list all spells.
Flames lash Thatpatchoflichen's ghost.
Thatpatchoflichen's ghost is burned terribly!
Thatpatchoflichen's ghost is moderately damaged.
Casting: Scorch (safe; 2% risk of failure)
Confirm with . or Enter, or press ? or * to list all spells.
Flames lash Thatpatchoflichen's ghost.
Thatpatchoflichen's ghost is burned terribly!
Thatpatchoflichen's ghost is heavily damaged.
Casting: Scorch (safe; 2% risk of failure)
Confirm with . or Enter, or press ? or * to list all spells.
Flames lash Thatpatchoflichen's ghost.
Thatpatchoflichen's ghost is burned terribly!
Thatpatchoflichen's ghost is heavily damaged.
Your extra speed is starting to run out.
Casting: Scorch (safe; 2% risk of failure)
Confirm with . or Enter, or press ? or * to list all spells.
Flames lash Thatpatchoflichen's ghost.
Thatpatchoflichen's ghost is burned terribly!
Thatpatchoflichen's ghost is heavily damaged.
Casting: Scorch (safe; 2% risk of failure)
Confirm with . or Enter, or press ? or * to list all spells.
Flames lash Thatpatchoflichen's ghost.
Thatpatchoflichen's ghost is burned terribly!
Thatpatchoflichen's ghost is severely damaged.
Unknown command.
You feel yourself slow down.
Thatpatchoflichen's ghost attacks as you move away!
Thatpatchoflichen's ghost hits you!!
Ouch! That really hurt!
Thatpatchoflichen's ghost attacks as you move away!
Thatpatchoflichen's ghost hits you!!
You die...
Your body crumbles into a pile of gold.

# #..........#
#.# # ##
#####.###.##
... . .## #.#
#.# ##### ..#
#.# #.# ..#
#.# #.# #.#
#.# #.# #.#
#.# #.# #.#
#.# #W# #.#
#.# #@# #.#
#.# #.#
#.##########.#
#..
#.......W....#
####
##############


You could see Thatpatchoflichen's ghost (combustible).

Vanquished Creatures
  An ogre (D:3)
  4 scorpions
  2 necrophages
  A killer bee (D:6)
  2 howler monkeys (D:7)
  2 hounds
  An orc priest (D:5)
  A jelly (D:5)
  2 orc wizards (D:5)
  4 iguanas
  Natasha (thrice) (D:4)
  7 adders
  A white imp (D:6)
  4 dart slugs
  15 orcs
  9 bats
  6 endoplasms
  A giant cockroach (D:1)
  10 goblins
  10 hobgoblins
  2 jackals (D:4)
  7 kobolds
  3 quokkas
  9 ball pythons
  4 frilled lizards
  6 rats
117 creatures vanquished.

Vanquished Creatures (collateral kills)
  A bat (D:1)
  2 quokkas (D:1)
3 creatures vanquished.

Vanquished Creatures (others)
  73 foxfires
73 creatures vanquished.

Grand Total: 193 creatures vanquished

Notes
Turn   | Place    | Note
-------+----------+-------------------------------------------
     0 | D:1      | Hrothgar the Hill Orc Fire Elementalist began the quest for
                  | the Orb.
     0 | D:1      | Reached XP level 1. HP: 14/14 MP: 3/3
   292 | D:1      | Reached XP level 2. HP: 11/20 MP: 1/4
   297 | D:1      | Learned a level 2 spell: Scorch
   634 | D:2      | Found a faded altar of an unknown god.
   640 | D:2      | Prayed at the altar of an unknown god.
   640 | D:2      | Became a worshipper of Gozag Ym Sagoz the Greedy
   843 | D:2      | Reached XP level 3. HP: 25/26 MP: 2/5
   948 | D:3      | Found a stormy altar of Qazlal.
  1868 | D:2      | Reached skill level 4 in Fire Magic
  2454 | D:2      | Identified the +0 ring mail of the Snake Pit {*Slow rPois
                  | Regen+ Int+5}
  2589 | D:1      | Reached XP level 4. HP: 33/33 MP: 4/7
  3085 | D:1      | Learned a level 3 spell: Inner Flame
  3421 | D:2      | You fall into a shaft and drop 1 floor!
  3615 | D:4      | Noticed a necrophage
  3620 | D:4      | Killed a necrophage
  3621 | D:4      | Reached skill level 1 in Fighting
  3621 | D:4      | Reached skill level 1 in Throwing
  3621 | D:4      | Reached XP level 5. HP: 36/40 MP: 0/8
  3648 | D:4      | Noticed an ogre
  3676 | D:3      | Killed an ogre
  3677 | D:3      | Reached skill level 1 in Axes
  3677 | D:3      | Reached skill level 1 in Armour
  3677 | D:3      | Reached XP level 6. HP: 32/47 MP: 4/9
  3684 | D:3      | Learned a level 3 spell: Ignite Poison
  3845 | D:4      | Found a broken altar of Ashenzari.
  3884 | D:4      | Found an iron altar of Okawaru.
  3917 | D:4      | Reached skill level 1 in Hexes
  3964 | D:4      | Found a sparkling altar of Nemelex Xobeh.
  4066 | D:4      | Found a white marble altar of Elyvilon.
  4117 | D:4      | Noticed Natasha
  4219 | D:4      | Killed Natasha
  4469 | D:4      | Noticed Natasha
  4475 | D:4      | Killed Natasha
  4653 | D:4      | Noticed Natasha
  4661 | D:4      | Killed Natasha
  4713 | D:5      | Entered Level 5 of the Dungeon
  4722 | D:5      | Reached skill level 1 in Poison Magic
  4734 | D:5      | Reached skill level 5 in Fire Magic
  4734 | D:5      | Reached XP level 7. HP: 36/52 MP: 1/11
  4767 | D:5      | Learned a level 2 spell: Blink
  4993 | D:5      | Reached skill level 1 in Evocations
  5086 | D:5      | Identified the +1 robe of the Lemon {Str+3}
  5278 | D:5      | Learned a level 1 spell: Summon Small Mammal
  5434 | D:5      | Reached skill level 1 in Transmutations
  5640 | D:5      | Bought a scroll of identify for 32 gold pieces
  5640 | D:5      | Bought a scroll of poison for 64 gold pieces
  5640 | D:5      | Bought a scroll of magic mapping for 120 gold pieces
  5640 | D:5      | Bought a scroll of identify for 32 gold pieces
  5640 | D:5      | Bought 3 scrolls of identify for 96 gold pieces
  5640 | D:5      | Bought a scroll of butterflies for 64 gold pieces
  5657 | D:6      | Noticed a steam dragon
  5661 | D:6      | a steam dragon changed into a killer bee
  5669 | D:6      | Reached XP level 8. HP: 37/61 MP: 4/12
  5737 | D:6      | Found a staircase to the Ecumenical Temple.
  5811 | D:6      | Identified the +7 trident of Generosity {vorpal, Int+3}
  6090 | D:6      | Found a sacrificial altar of Ru.
  6189 | D:6      | Gained mutation: You have sharp fingernails. [potion of
                  | mutation]
  6189 | D:6      | Gained mutation: Your mind is acute. (Int +4, Str/Dex -1)
                  | [potion of mutation]
  6189 | D:6      | Gained mutation: You are frail. (-10% HP) [potion of
                  | mutation]
  6189 | D:6      | Gained mutation: You have an increased reservoir of magic.
                  | (+10% MP) [potion of mutation]
  6300 | D:7      | Found a burning altar of Makhleb.
  6357 | D:7      | Noticed Pikel
  6367 | D:7      | Found a runed translucent door.
  6367 | D:7      | Noticed Thatpatchoflichen's ghost (novice OgMo)
  6378 | D:7      | HP: 1/54 [Thatpatchoflichen's ghost (32)]
  6445 | D:7      | Slain by Thatpatchoflichen's ghost

Illustrated notes

Levels and vault maps discovered:
D:1:      spicycebolla_arrival_transporter_tutorial, layout_basic,
          minmay_tromino_i4
D:2:      layout_basic, hellmonk_ecumenical_altar_leap_of_faith, wad_orctagon
D:3:      layout_basic, amcnicky_altar_gilded, minmay_door_square,
          kennysheep_flooded_box, chequers_serial_rivers_marsh,
          chequers_serial_rivers_large_a, minmay_fountain_box
D:4:      layout_cave_pools, nemelex_xobeh_ov_fountains_minmay,
          nicolae_overflow_squiral, elyvilon_altar_4, uniq_natasha
D:5:      layout_cave_pods
D:6:      layout_basic, lemuel_tele_altar, minmay_temple_entry_water_ring,
          chequers_serial_rivers_micro_b
D:7:      layout_loops_ring, overflow_temple_1_default,
          mainiacjoe_overflow_surrounded_room, ebering_ghost_reflecting_pool,
          hangedman_decor_peaks_small, uniq_pikel

Skill      XL: |  1  2  3  4  5  6  7  8 |
---------------+-------------------------+-----
Fire Magic     | 4 5 |  5.6
Spellcasting   | 2 3 |  3.3
Fighting       | 1 2 |  2.1
Throwing       | 1 2 |  2.0
Dodging        | 2 |  2.4
Axes           | 1 2 |  2.4
Armour         | 1 |  1.9
Conjurations   | 2 |  2.7
Stealth        | 2 |  2.4
Hexes          | 1 |  1.8
Poison Magic   | 1 |  1.6
Evocations     | 1 |  1.5
Transmutations | 1 |  1.1
Polearms       | |  0.3
Summonings     | |  0.3
Translocations | |  0.7

Action                   |  1- 3 |  4- 6 |  7- 9 || total
-------------------------+-------+-------+-------++-------
Melee: War axe           |     1 |    41 |    32 ||    74
       Unarmed           |       |    16 |       ||    16
       Punch             |       |       |     1 ||     1
       Trident           |       |       |     9 ||     9
Throw: Dart              |    10 |       |     9 ||    19
       Javelin           |       |     3 |       ||     3
       Throwing net      |       |     1 |       ||     1
 Cast: Foxfire           |    19 |    10 |    17 ||    46
       Scorch            |    28 |    46 |    40 ||   114
       Inner Flame       |       |       |     3 ||     3
       Ignite Poison     |       |       |     2 ||     2
Invok: Call Merchant     |       |       |     1 ||     1
Evoke: Wand              |       |       |     2 ||     2
  Use: Scroll            |     5 |     4 |     7 ||    16
       Potion            |     1 |     1 |     4 ||     6
 Stab: Held in net/web   |       |     1 |       ||     1
Armor: Robe              |    15 |       |       ||    15
       Ring mail         |     1 |    35 |    43 ||    79
       Skin              |       |     7 |       ||     7
Dodge: Dodged            |    49 |    60 |    43 ||   152
